 Dungeon Crawl Stone Soup version 0.31-a0-222-gefeffbb62a (webtiles) character file.

Game seed: 834060976486437310

28 coffeetime the Covered (level 2, 27/27 HPs)
             Began as an Armataur Fighter on July 5, 2023.
             Quit the game on level 1 of the Dungeon.
             The game lasted 00:01:55 (736 turns).

coffeetime the Covered (Armataur Fighter)            Turns: 736, Time: 00:01:55

Health: 27/27      AC:  8    Str: 21    XL:     2   Next: 96%
Magic:  2/2        EV: 12    Int:  8    God:
Gold:   15         SH:  4    Dex:  9    Spells: 1/1 levels left

rFire   . . .        a - +0 war axe
rCold   . . .        c - +0 buckler
rNeg    . . .        b - +0 scale mail
rPois   .            (no helmet)
rElec   .            i - +0 cloak
rCorr   .            (no gloves)
SInv    .            (no barding)
Will    .....        (no amulet) Stlth
                     f - +5 ring of evasion
HPRegen 0.24/turn    h - +4 ring of slaying
MPRegen 0.08/turn

%: roll
@: no status effects
A: large, rugged brown scales 3, deformed body, armoured tail, roll, long
tongue, awkward tongue
a: no special abilities


You were on level 1 of the Dungeon.
You visited 1 branch of the dungeon, and saw 1 of its levels.

You collected 15 gold pieces.

Inventory:

Hand Weapons
 a - a +0 war axe (weapon)
Missiles
 g - 8 poisoned darts
Armour
 b - a +0 scale mail (worn)
 c - a +0 buckler (worn)
 i - a +0 cloak (worn)
Jewellery
 f - a +5 ring of evasion (left hand)
 h - a +4 ring of slaying (right hand)
Scrolls
 j - a scroll of enchant weapon {unknown}
 l - a scroll of blinking {unknown}
Potions
 d - a potion of might
 e - 2 potions of lignification {unknown}
 k - a potion of cancellation {unknown}


   Skills:
 + Level 3.1 Fighting
 + Level 2.0 Axes
 + Level 4.1 Armour
 + Level 3.5 Shields


You had one spell level left.
You didn't know any spells.
Your spell library contained the following spells:

 Spells                   Type           Power      Damage    Failure   Level
 Slow                     Hex            0%         N/A       80%         1
 Lesser Beckoning         Tloc           0%         N/A       91%         2
 Confusing Touch          Hex            0%         N/A       99%         3
 Gell's Gravitas          Tloc           0%         N/A       99%         3
 Teleport Other           Tloc           0%         N/A       99%         3
 Vampiric Draining        Necr           0%         2d6       99%         3


Dungeon Overview and Level Annotations

Branches:
Dungeon (1/15)

Altars:


Innate Abilities, Weirdness & Mutations

You are completely covered in rugged brown scales. (AC +3, +7% HP)
Armour fits poorly on your strangely shaped body.
You have a long armoured tail.
You roll when moving toward enemies. (Rampage)
Your long tongue fully drains potion bottles. (2x potion effects)
Your tongue gives you trouble enunciating. (1.5x scroll delay)


Message History

You closely miss the giant cockroach.
The giant cockroach is severely wounded.
The giant cockroach bites you but does no damage.
The giant cockroach bites you.
You barely miss the giant cockroach.
The giant cockroach is severely wounded.
You block the giant cockroach's attack. The giant cockroach closely misses you.
You barely miss the giant cockroach.
The giant cockroach is severely wounded.
The giant cockroach bites you but does no damage.
You closely miss the giant cockroach. You tail-slap the giant cockroach.
You kill the giant cockroach!
Your Axes skill increases to level 2!
No target in view!
No target in view!
You see here a giant cockroach corpse.
You see here a +0 whip.
You see here a giant cockroach corpse.
You see here a giant cockroach corpse.
You see here a +0 whip.
You see here 6 stones.
As you open the door, it creaks loudly!
There is an open door here.
There is an open door here.
You see here 6 stones.
You see here 3 stones.
A ball python comes into view.
The ball python hisses angrily.
The ball python barely misses you.
You hit the ball python.
You kill the ball python!
No target in view!
No target in view!
Found a dagger.
You see here a +0 dagger.
Found an escape hatch in the floor.
Things that are here:
a +0 whip; 3 stones Done exploring.
Are you sure you want to abandon this character and quit the game? (Confirm with "yes".)

#...#.#
#.....# ###
#.#...#
#.#####
#..)#.# #.#
#.#...# #.#
##...#.# #.#
#..#...###.#
#....#.##..#
#.##...##.##
#........@#
###########


There were no monsters in sight!

Vanquished Creatures
  3 ball pythons (D:1)
  4 bats (D:1)
  2 endoplasms (D:1)
  2 giant cockroaches (D:1)
  A goblin (D:1)
  3 jackals (D:1)
  3 quokkas (D:1)
  3 kobolds (D:1)
  3 rats (D:1)
24 creatures vanquished.

Notes
Turn   | Place    | Note
-------+----------+-------------------------------------------
     0 | D:1      | coffeetime the Armataur Fighter began the quest for the
                  | Orb.
     0 | D:1      | Reached XP level 1. HP: 19/19 MP: 1/1
    26 | D:1      | Reached XP level 2. HP: 16/26 MP: 2/2
   180 | D:1      | Reached skill level 4 in Armour
   736 | D:1      | Quit the game

Illustrated notes

Levels and vault maps discovered:
D:1:      lightli_iron_boxes, layout_basic, minmay_misc_feat_pillars

Skill      XL: |  1  2 |
---------------+-------+-----
Armour         | 4 |  4.1
Fighting       | 3 |  3.1
Axes           | 2 |  2.0
Shields        | |  3.5

Action                     || total
---------------------------++-------
  Melee: War axe           ||    67
         Tailslap          ||     4
 Armour: Scale mail        ||    47
  Dodge: Dodged            ||    27
  Block: Buckler           ||    22

Table legend: (Time is in decaauts)
 A = Elapsed time spent in this place.
 B = Non-inter-level travel time spent in this place.
 C = Inter-level travel time spent in this place.
 D = Time resting spent in this place.
 E = Time spent auto-exploring this place.
 F = Levels seen in this place.
 G = Mean time per level.
                   A        B        C        D        E       F      G
               +--------+--------+--------+--------+--------+-----+--------+
         Total |    764 |    764 |      0 |     40 |    525 |   1 |  764.0 |
       Dungeon |    764 |    764 |      0 |     40 |    525 |   1 |  764.0 |
               +--------+--------+--------+--------+--------+-----+--------+

Top non-repeatable levels by time:
     D:1: 764 daAuts
